TOP OF THE 1ST |
Lake County Captains batting - Pitching for Cedar Rapids Kernels : RHP Felix Perez
|
Pitching: RHP Felix Perez
|
|
Batting: RHB George Wagner
|
0-0: Called Strike 0-1: Ball 1-1: Swinging Strike 1-2: Ball 2-2: Ball 3-2: Ground out 4-3 (Groundball, 4MD, EV 90.0 MPH)
|
Batting: RHB Josh Patterson
|
0-0: Called Strike 0-1: Ball 1-1: Foul Ball, location: 2F 1-2: Strikes out swinging
|
Batting: LHB Brandon Hopper
|
0-0: Ball 1-0: Fly out, F7 (Flyball, 7LSF, EV 85.0 MPH)
|
Top of the 1st over - 0 runs, 0 hits, 0 errors, 0 left on base; Lake County 0 - Cedar Rapids 0 |
BOTTOM OF THE 1ST |
Cedar Rapids Kernels batting - Pitching for Lake County Captains : RHP Alex Mora
|
Pitching: RHP Alex Mora
|
|
Batting: RHB Caleb Bockmann
|
0-0: Ground out 6-3 (Groundball, 6, EV 86.9 MPH)
|
Batting: RHB David McClellan
|
0-0: Called Strike 0-1: Ground out 5-3 (Groundball, 5S, EV 88.8 MPH)
|
Batting: LHB Tomas Espino
|
0-0: SINGLE (Line Drive, 78S, EV 107.5 MPH)
|
Batting: LHB Jon Ventura
|
0-0: Swinging Strike 0-1: Ball 1-1: Ball 2-1: Ball 3-1: Base on Balls Tomas Espino to second
|
Batting: LHB Brian Wagner
|
0-0: Called Strike 0-1: Ball 1-1: Foul Ball, location: 2F 1-2: Ball 2-2: Ball 3-2: Strikes out swinging
|
Bottom of the 1st over - 0 runs, 1 hit, 0 errors, 2 left on base; Lake County 0 - Cedar Rapids 0 |
TOP OF THE 2ND |
Lake County Captains batting - Pitching for Cedar Rapids Kernels : RHP Felix Perez
|
Batting: LHB Jeff Palmowski
|
0-0: Swinging Strike 0-1: Foul Ball, location: 2F 0-2: Foul Ball, location: 2F 0-2: Strikes out looking
|
Batting: RHB Adam McMillen
|
0-0: Ground out 5-3 (Groundball, 15, EV 90.6 MPH)
|
Batting: RHB Steve Gusman
|
0-0: Ball 1-0: Ball 2-0: Called Strike 2-1: SINGLE (Groundball, 6S, EV 75.6 MPH) (infield hit)
|
Batting: LHB Rich Walker
|
0-0: Called Strike Steve Gusman is caught stealing 2nd base 2-6
|
Top of the 2nd over - 0 runs, 1 hit, 0 errors, 0 left on base; Lake County 0 - Cedar Rapids 0 |
BOTTOM OF THE 2ND |
Cedar Rapids Kernels batting - Pitching for Lake County Captains : RHP Alex Mora
|
Batting: RHB Alexandre Garcia
|
0-0: Called Strike 0-1: Foul Ball, location: 2F 0-2: Strikes out looking
|
Batting: LHB Marvin Shepherd
|
0-0: Ball 1-0: Ball 2-0: Called Strike 2-1: Ground out 4-3 (Groundball, 4, EV 85.0 MPH)
|
Batting: RHB Pat Adams
|
0-0: Called Strike 0-1: Ball 1-1: Called Strike 1-2: Foul Ball, location: 2F 1-2: SINGLE (Groundball, 5D, EV 103.8 MPH)
|
Batting: RHB Steve Terrell
|
0-0: Called Strike 0-1: Ball 1-1: Swinging Strike 1-2: Fielders Choice at 2nd, 5-4 (Groundball, 56, EV 80.0 MPH)
|
Bottom of the 2nd over - 0 runs, 1 hit, 0 errors, 1 left on base; Lake County 0 - Cedar Rapids 0 |
TOP OF THE 3RD |
Lake County Captains batting - Pitching for Cedar Rapids Kernels : RHP Felix Perez
|
Batting: LHB Rich Walker
|
0-0: Called Strike 0-1: Ball 1-1: Swinging Strike 1-2: Ball 2-2: Strikes out looking
|
Batting: RHB Jeremy Givens
|
0-0: Ball 1-0: Ball 2-0: Ground out 3-1 (Groundball, 34, EV 108.8 MPH)
|
Batting: RHB John Bianconi
|
0-0: Ball 1-0: Ground out 6-3 (Groundball, 6M, EV 83.1 MPH)
|
Top of the 3rd over - 0 runs, 0 hits, 0 errors, 0 left on base; Lake County 0 - Cedar Rapids 0 |
BOTTOM OF THE 3RD |
Cedar Rapids Kernels batting - Pitching for Lake County Captains : RHP Alex Mora
|
Batting: RHB Caleb Bockmann
|
0-0: Called Strike 0-1: Ball 1-1: Foul Ball, location: 2F 1-2: Ball 2-2: Fly out, F9 (Flyball, 89M, EV 73.8 MPH)
|
Batting: RHB David McClellan
|
0-0: Ball 1-0: Ground out U3 (Groundball, 34S, EV 81.9 MPH)
|
Batting: LHB Tomas Espino
|
0-0: Called Strike 0-1: Swinging Strike 0-2: Ball 1-2: Ball 2-2: Reached via error on a dropped throw from 1B, E1 (Groundball, 34S, EV 86.9 MPH)
|
Batting: LHB Jon Ventura
|
0-0: Called Strike 0-1: Ball 1-1: Ball 2-1: Swinging Strike 2-2: Foul Ball, location: 2F 2-2: Ball 3-2: Base on Balls Tomas Espino to second
|
Batting: LHB Brian Wagner
|
0-0: Foul Ball, location: 2F 0-1: Foul Ball, location: 2F 0-2: Fly out, F5 (Popup, 5SF, EV 81.2 MPH)
|
Bottom of the 3rd over - 0 runs, 0 hits, 1 error, 2 left on base; Lake County 0 - Cedar Rapids 0 |
TOP OF THE 4TH |
Lake County Captains batting - Pitching for Cedar Rapids Kernels : RHP Felix Perez
|
Batting: RHB George Wagner
|
0-0: Called Strike 0-1: Called Strike 0-2: Strikes out swinging
|
Batting: RHB Josh Patterson
|
0-0: Ball 1-0: Called Strike 1-1: Called Strike 1-2: Ball 2-2: Foul Ball, location: 2F 2-2: Strikes out looking
|
Batting: LHB Brandon Hopper
|
0-0: Ground out 3-1 (Groundball, 34, EV 106.2 MPH)
|
Top of the 4th over - 0 runs, 0 hits, 0 errors, 0 left on base; Lake County 0 - Cedar Rapids 0 |
BOTTOM OF THE 4TH |
Cedar Rapids Kernels batting - Pitching for Lake County Captains : RHP Alex Mora
|
Batting: RHB Alexandre Garcia
|
0-0: Ball 1-0: Called Strike 1-1: Ground out 4-3 (Groundball, 4M, EV 85.6 MPH)
|
Batting: LHB Marvin Shepherd
|
0-0: Ball 1-0: Ball 2-0: Ball 3-0: Called Strike 3-1: Foul Ball, location: 2F 3-2: Base on Balls
|
Batting: RHB Pat Adams
|
0-0: Ball 1-0: Foul Ball, location: 2F 1-1: Ball 2-1: Grounds into double play, 5-4-3 (Groundball, 25, EV 88.1 MPH)
|
Bottom of the 4th over - 0 runs, 0 hits, 0 errors, 0 left on base; Lake County 0 - Cedar Rapids 0 |
TOP OF THE 5TH |
Lake County Captains batting - Pitching for Cedar Rapids Kernels : RHP Felix Perez
|
Batting: LHB Jeff Palmowski
|
0-0: Swinging Strike 0-1: Called Strike 0-2: Ball 1-2: Strikes out swinging
|
Batting: RHB Adam McMillen
|
0-0: Ground out 4-3 (Groundball, 4, EV 80.0 MPH)
|
Batting: RHB Steve Gusman
|
0-0: Foul Ball, location: 2F 0-1: Called Strike 0-2: Ball 1-2: Ball 2-2: Foul Ball, location: 2F 2-2: Foul Ball, location: 2F 2-2: Foul Ball, location: 2F 2-2: SINGLE (Groundball, 6S, EV 65.6 MPH) (infield hit)
|
Batting: LHB Rich Walker
|
0-0: Called Strike Steve Gusman steals 2nd, throwing error, E2 Steve Gusman to third 0-1: SINGLE (Line Drive, 4M, EV 94.4 MPH) Steve Gusman scores
|
Batting: RHB Jeremy Givens
|
0-0: Foul Ball, location: 2F 0-1: Swinging Strike 0-2: Fly out, F7 (Flyball, 7D, EV 93.1 MPH)
|
Top of the 5th over - 1 run, 2 hits, 1 error, 1 left on base; Lake County 1 - Cedar Rapids 0 |
BOTTOM OF THE 5TH |
Cedar Rapids Kernels batting - Pitching for Lake County Captains : RHP Alex Mora
|
Batting: RHB Steve Terrell
|
0-0: Called Strike 0-1: Ball 1-1: Fly out, F3 (Popup, 3, EV 57.5 MPH)
|
Batting: RHB Caleb Bockmann
|
0-0: Ball 1-0: Ground out 6-3 (Groundball, 6S, EV 86.9 MPH)
|
Batting: RHB David McClellan
|
0-0: Ball 1-0: Called Strike 1-1: Fly out, F3 (Popup, 23F, EV 88.1 MPH)
|
Bottom of the 5th over - 0 runs, 0 hits, 0 errors, 0 left on base; Lake County 1 - Cedar Rapids 0 |
TOP OF THE 6TH |
Lake County Captains batting - Pitching for Cedar Rapids Kernels : RHP Felix Perez
|
Batting: RHB John Bianconi
|
0-0: Ball 1-0: DOUBLE (Line Drive, 7LS, EV 93.8 MPH)
|
Batting: RHB George Wagner
|
0-0: Called Strike 0-1: SINGLE (Line Drive, 5D, EV 108.1 MPH) John Bianconi to third
|
Batting: RHB Josh Patterson
|
0-0: Called Strike 0-1: Called Strike George Wagner steals 2nd base 0-2: Ball 1-2: Ground out 4-3 (Groundball, 4, EV 76.9 MPH) John Bianconi scores George Wagner to third
|
Batting: LHB Brandon Hopper
|
0-0: Ball 1-0: Called Strike 1-1: Foul Ball, location: 2F 1-2: Fly out, F8 (Flyball, 8RD, EV 98.1 MPH) Runner from 3rd tags up, SCORES, throw by CF
|
Now in CF: Ton van Dijk
|
|
Batting: LHB Jeff Palmowski
|
0-0: Ball 1-0: Foul Ball, location: 2F 1-1: Ball 2-1: Ball 3-1: Fly out, F7 (Flyball, 7LMF, EV 89.4 MPH)
|
Top of the 6th over - 2 runs, 2 hits, 0 errors, 0 left on base; Lake County 3 - Cedar Rapids 0 |
BOTTOM OF THE 6TH |
Cedar Rapids Kernels batting - Pitching for Lake County Captains : RHP Alex Mora
|
Batting: LHB Tomas Espino
|
0-0: Foul Ball, location: 2F 0-1: Foul Ball, location: 2F 0-2: Hit by Pitch
|
Batting: LHB Jon Ventura
|
0-0: Ball 1-0: Foul Ball, location: 2F 1-1: Foul Ball, location: 2F 1-2: Strikes out looking
|
Batting: LHB Brian Wagner
|
0-0: Foul Ball, location: 2F 0-1: Ball 1-1: Ball 2-1: Foul Ball, location: 2F 2-2: Foul Ball, location: 2F 2-2: Fly out, F9 (Flyball, 9, EV 96.2 MPH)
|
Batting: RHB Alexandre Garcia
|
0-0: Ball 1-0: Foul Ball, location: 2F 1-1: Ball 2-1: Foul Ball, location: 2F 2-2: Ball 3-2: Ground out 5-3 (Groundball, 56, EV 101.2 MPH)
|
Bottom of the 6th over - 0 runs, 0 hits, 0 errors, 1 left on base; Lake County 3 - Cedar Rapids 0 |
TOP OF THE 7TH |
Lake County Captains batting - Pitching for Cedar Rapids Kernels : RHP Felix Perez
|
Batting: RHB Adam McMillen
|
0-0: Ball 1-0: SOLO HOME RUN (Flyball, 78XD, EV 98.8 MPH), Distance : 389 ft
|
Batting: RHB Steve Gusman
|
0-0: Ball 1-0: Swinging Strike 1-1: Ball 2-1: Fly out, F4 (Popup, 34S, EV 80.6 MPH)
|
Batting: LHB Rich Walker
|
0-0: Swinging Strike 0-1: Ball 1-1: Fly out, F8 (Flyball, 8LM, EV 95.6 MPH)
|
Batting: RHB Jeremy Givens
|
0-0: Ball 1-0: Ball 2-0: Called Strike 2-1: Fly out, F8 (Line Drive, 78M, EV 101.9 MPH)
|
Top of the 7th over - 1 run, 1 hit, 0 errors, 0 left on base; Lake County 4 - Cedar Rapids 0 |
BOTTOM OF THE 7TH |
Cedar Rapids Kernels batting - Pitching for Lake County Captains : RHP Alex Mora
|
Now in LF: Steve Gusman
|
|
Now in RF: Aaron Caron
|
|
Batting: LHB Marvin Shepherd
|
0-0: Called Strike 0-1: Ball 1-1: Ball 2-1: Ball 3-1: Called Strike 3-2: Foul Ball, location: 2F 3-2: Foul Ball, location: 2F 3-2: Foul Ball, location: 2F 3-2: Ground out 4-3 (Groundball, 4, EV 78.8 MPH)
|
Pitching: RHP Cortez Mendiola
|
|
Batting: RHB Pat Adams
|
0-0: Ball 1-0: Called Strike 1-1: Called Strike 1-2: Ground out 6-3 (Groundball, 6MS, EV 65.6 MPH)
|
Batting: RHB Ton van Dijk
|
0-0: Swinging Strike 0-1: Ball 1-1: Called Strike 1-2: Foul Ball, location: 2F 1-2: Ball 2-2: Foul Ball, location: 2F 2-2: Ground out 1-3 (Groundball, 25, EV 70.0 MPH)
|
Bottom of the 7th over - 0 runs, 0 hits, 0 errors, 0 left on base; Lake County 4 - Cedar Rapids 0 |
TOP OF THE 8TH |
Lake County Captains batting - Pitching for Cedar Rapids Kernels : RHP Felix Perez
|
Pitching: RHP Chad Brock
|
|
Batting: RHB John Bianconi
|
0-0: Ball 1-0: SINGLE (Groundball, 6MD, EV 100.0 MPH)
|
Batting: RHB George Wagner
|
0-0: Bunted foul 0-1: Bunted foul 0-2: Fielders Choice at 2nd, 4-6 (Groundball, 4M, EV 91.2 MPH)
|
Batting: RHB Josh Patterson
|
0-0: Ball 1-0: Called Strike George Wagner steals 2nd, throwing error, E2 George Wagner to third 1-1: Swinging Strike 1-2: DOUBLE (Line Drive, 9LM, EV 99.4 MPH) George Wagner scores
|
Batting: LHB Aaron Caron
|
0-0: Ball 1-0: Foul Ball, location: 2F 1-1: Called Strike Josh Patterson steals 3rd, throwing error, E2 Josh Patterson scores 1-2: Ball 2-2: Strikes out swinging
|
Batting: LHB Jeff Palmowski
|
0-0: Ball 1-0: Ball 2-0: Swinging Strike 2-1: Foul Ball, location: 2F 2-2: Strikes out swinging
|
Top of the 8th over - 2 runs, 2 hits, 2 errors, 0 left on base; Lake County 6 - Cedar Rapids 0 |
BOTTOM OF THE 8TH |
Cedar Rapids Kernels batting - Pitching for Lake County Captains : RHP Cortez Mendiola
|
Batting: RHB Caleb Bockmann
|
0-0: Called Strike 0-1: Ball 1-1: Ball 2-1: Ball 3-1: Called Strike 3-2: Base on Balls
|
Batting: RHB David McClellan
|
0-0: SINGLE (Line Drive, 9S, EV 96.2 MPH) Caleb Bockmann to second Runner from 2nd tries for 3rd, SAFE, throw by RF made to third
|
Pitching: LHP Jose Carmona
|
|
Batting: LHB Tomas Espino
|
0-0: Ball Wild Pitch! Caleb Bockmann scores David McClellan to second 1-0: Swinging Strike 1-1: Foul Ball, location: 2F 1-2: Strikes out swinging
|
Batting: LHB Jon Ventura
|
0-0: Ground out 6-3 (Groundball, 6, EV 103.8 MPH)
|
Batting: LHB Brian Wagner
|
0-0: Ground out 4-3 (Groundball, 4, EV 80.0 MPH)
|
Bottom of the 8th over - 1 run, 1 hit, 0 errors, 1 left on base; Lake County 6 - Cedar Rapids 1 |
TOP OF THE 9TH |
Lake County Captains batting - Pitching for Cedar Rapids Kernels : RHP Chad Brock
|
Batting: RHB Adam McMillen
|
0-0: Ground out 6-3 (Groundball, 6S, EV 78.8 MPH)
|
Batting: RHB Steve Gusman
|
0-0: Called Strike 0-1: Ground out 5-3 (Groundball, 5S, EV 78.1 MPH)
|
Batting: LHB Rich Walker
|
0-0: Foul Ball, location: 2F 0-1: Foul Ball, location: 2F 0-2: Ball 1-2: Strikes out looking
|
Top of the 9th over - 0 runs, 0 hits, 0 errors, 0 left on base; Lake County 6 - Cedar Rapids 1 |
BOTTOM OF THE 9TH |
Cedar Rapids Kernels batting - Pitching for Lake County Captains : LHP Jose Carmona
|
Pitching: RHP Nate Burnett
|
|
Batting: RHB Alexandre Garcia
|
0-0: Ball 1-0: Ball 2-0: Foul Ball, location: 2F 2-1: Ground out 6-3 (Groundball, 56D, EV 110.6 MPH)
|
Batting: LHB Marvin Shepherd
|
0-0: Ball 1-0: Ball 2-0: Called Strike 2-1: Ball 3-1: Called Strike 3-2: Foul Ball, location: 2F 3-2: Foul Ball, location: 2F 3-2: Base on Balls
|
Batting: RHB Pat Adams
|
0-0: Ball 1-0: Swinging Strike 1-1: Ball 2-1: Ground out 4-3 (Groundball, 4, EV 96.9 MPH) Marvin Shepherd to second
|
Batting: RHB Ton van Dijk
|
0-0: Ball 1-0: Ball 2-0: Foul Ball, location: 2F 2-1: DOUBLE (Groundball, 5L, EV 99.4 MPH) Marvin Shepherd scores
|
Batting: RHB Caleb Bockmann
|
0-0: Ball 1-0: Swinging Strike 1-1: SINGLE (Groundball, 6MD, EV 108.8 MPH) Ton van Dijk to third
|
Pitching: RHP Justin Stone
|
|
Batting: RHB David McClellan
|
0-0: Called Strike 0-1: Called Strike 0-2: Foul Ball, location: 2F 0-2: Strikes out swinging
|
Bottom of the 9th over - 1 run, 2 hits, 0 errors, 2 left on base; Lake County 6 - Cedar Rapids 2 |
|